Map: Magannatha LE

Players

ZeDoom - Winner!

  • Race: Protoss Protoss
  • League: Master
  • Spawn Location: 5:00

StarLight

  • Race: Terran Terran
  • League: Master
  • Spawn Location: 11:00

VOD

Have the link to the VOD?

Description

Time

  • Played on: Oct. 11, 2025, 3:38 p.m.
  • Length: 10:00
Show
View Real Time Build Order
Export as new Build Order

ZeDoom Protoss - Winner!

Build Orders: 1 Gate Expand, Blink Stalkers 

Get SALT Encoding   

  12  0:00  Probe  
  13  0:12  Probe  
  14  0:17  Pylon  
  14  0:24  Probe  
  15  0:33  Probe  
  15  0:35  Gateway  
  15  0:41  Probe  
  16  0:47  Assimilator  
  17  0:51  Probe  
  18  1:03  Probe  
  19  1:15  Probe  
  20  1:23  Cybernetics Core  
  20  1:32  Nexus  
  20  1:41  Pylon  
  20  1:42  Probe  
  21  1:51  Adept, Assimilator  
  21  1:54  Probe  
  24  2:01  Warp Gate  
  24  2:06  Probe  
  25  2:15  Shield Battery  
  25  2:18  Probe  
  25  2:20  Stalker  
  28  2:30  Probe  
  28  2:36  Twilight Council  
  29  2:43  Probe  
  30  2:45  Probe  
  30  2:49  Stalker  
  31  2:55  Blink, Probe  
  34  3:01  Probe  
  35  3:07  Probe  
  35  3:08  Gateway  
  36  3:14  Probe  
  36  3:19  Probe  
  38  3:27  Probe  
  39  3:31  Probe  
  40  3:35  Gateway  
  40  3:39  Probe  
  40  3:41  Pylon  
  41  3:44  Probe  
  42  3:51  Probe  
  43  3:56  Probe  
  44  4:03  Probe  
  44  4:07  Nexus  
  44  4:08  Probe  
  46  4:15  Probe  
  47  4:19  Pylon  
  47  4:20  Probe  
  47  4:22  Robotics Facility  
  48  4:27  Probe  
  48  4:28  Assimilator  
  49  4:32  Probe  
  49  4:33  Stalker x2  
  54  4:39  Probe  
  54  4:44  Probe  
  56  4:50  Stalker  
  56  4:51  Probe  
  59  4:56  Probe, Charge  
  60  5:03  Probe  
  61  5:08  Probe  
  62  5:14  Pylon  
  62  5:15  Robotics Bay  
  62  5:18  Probe, Observer, Gateway  
  62  5:20  Probe  
  65  5:28  Probe  
  66  5:31  Probe  
  66  5:32  Probe  
  68  5:37  Gateway x2  
  68  5:40  Probe  
  68  5:41  Gateway  
  69  5:43  Probe  
  69  5:45  Probe  
  71  5:51  Gateway  
  71  5:52  Probe  
  71  5:54  Stalker, Gateway  
  71  5:56  Pylon  
  74  6:00  Probe  
  74  6:02  Probe  
  74  6:06  Probe  
  74  6:07  Colossus  
  73  6:13  Probe  
  73  6:14  Probe  
  73  6:17  Extended Thermal Lance  
  73  6:18  Pylon, Probe  
  80  6:20  Pylon  
  81  6:28  Probe x2  
  81  6:31  Assimilator  
  83  6:36  Gateway  
  83  6:37  Gateway  
  83  6:42  Probe  
  84  6:54  Nexus  
  83  6:56  Pylon, Probe x2  
  83  6:57  Probe, Colossus  
  92  7:08  Probe  
  92  7:11  Probe  
  92  7:13  Gateway  
  92  7:14  Zealot x4  
  92  7:15  Zealot x4, Gateway  
  110  7:17  Probe  
  110  7:20  Probe  
  112  7:23  Probe  
  113  7:35  Zealot x3  
  117  7:39  Pylon  
  117  7:40  Pylon  
  117  7:41  Pylon  
  117  7:46  Forge  
  117  7:47  Forge  
  116  8:01  Zealot x11  
  102  8:20  Zealot  
  102  8:21  Zealot x10  
  116  8:31  Zealot x2  
  120  8:39  Probe x3  
  120  8:40  Probe  
  124  8:52  Templar Archives  
  124  8:53  Zealot x10  
  132  9:13  Zealot x6  
  132  9:14  Zealot x4  
  106  9:35  Robotics Facility  
  106  9:37  Zealot x5  
  106  9:38  Zealot x4  
  121  9:40  Probe  
  124  10:00  Nexus  
Show
View Real Time Build Order
Export as new Build Order

StarLight Terran 

Build Orders:  

Get SALT Encoding   

  12  0:03  SCV  
  13  0:14  Supply Depot  
  13  0:17  SCV  
  14  0:29  SCV  
  15  0:37  Barracks  
  15  0:42  SCV  
  16  0:45  Refinery  
  16  0:54  SCV  
  16  0:55  Refinery  
  17  1:06  SCV  
  18  1:18  SCV  
  19  1:27  Reaper  
  19  1:30  Orbital Command  
  20  1:40  Supply Depot  
  20  1:43  Factory  
  20  1:56  SCV  
  20  1:59  Reaper  
  22  2:08  SCV  
  23  2:19  Command Center  
  23  2:24  SCV  
  23  2:29  Hellion  
  26  2:32  Reaper  
  26  2:36  SCV  
  28  2:40  Supply Depot  
  28  2:48  SCV  
  28  2:51  Hellion  
  31  3:00  Starport  
  31  3:01  SCV  
  32  3:05  Barracks Reactor  
  32  3:12  Factory Tech Lab  
  32  3:13  SCV  
  32  3:17  Barracks  
  33  3:26  SCV  
  34  3:32  Cyclone  
  34  3:34  Orbital Command  
  37  3:51  Medivac, SCV  
  37  3:53  Marine x2  
  37  3:54  Refinery  
  37  3:55  Bunker  
  42  4:04  SCV  
  43  4:11  Siege Tank  
  43  4:14  SCV  
  43  4:16  SCV  
  48  4:20  Marine x3  
  48  4:22  Starport Tech Lab  
  51  4:28  SCV  
  52  4:34  SCV  
  52  4:37  Barracks  
  54  4:48  Supply Depot  
  54  4:51  Supply Depot  
  55  4:53  Raven  
  55  4:55  Siege Tank  
  58  5:03  SCV  
  56  5:09  Bunker  
  56  5:10  SCV  
  56  5:14  Marine x3  
  58  5:16  SCV  
  61  5:25  SCV  
  61  5:28  SCV  
  63  5:31  Siege Tank, Marine x2  
  68  5:36  Stimpack  
  68  5:37  SCV  
  68  5:38  Marauder  
  68  5:40  SCV  
  72  5:49  Marine x2, SCV  
  75  5:50  Starport Reactor  
  75  5:52  SCV  
  75  5:55  Command Center  
  76  6:01  SCV  
  75  6:04  SCV  
  75  6:05  Marine  
  75  6:06  Marine  
  77  6:19  Marine  
  78  6:27  Factory Reactor, Barracks  
  78  6:30  Barracks  
  78  6:31  Barracks  
  78  6:50  Supply Depot  
  78  6:52  Supply Depot  
  78  6:56  SCV  
  78  6:58  Combat Shield  
  78  7:02  Supply Depot  
  78  7:03  Supply Depot  
  78  7:06  Marine x2, Medivac x2, SCV  
  78  7:07  Widow Mine x2, Marauder x2  
  78  7:08  Orbital Command  
  93  7:18  Marine x2  
  93  7:22  SCV  
  96  7:28  SCV, Marauder  
  99  7:34  SCV  
  100  7:37  Barracks Reactor  
  100  7:38  Engineering Bay, Barracks Tech Lab  
  100  7:39  Engineering Bay  
  100  7:40  Ghost Academy  
  100  7:41  Viking, Medivac  
  100  7:43  SCV  
  105  7:51  SCV  
  106  8:01  SCV  
  106  8:17  SCV  
  85  8:20  Marine, Marauder x2  
  85  8:21  Widow Mine x2  
  85  8:22  Viking x2  
  85  8:23  SCV  
  94  8:36  SCV x3  
  97  8:48  SCV x2  
  99  8:49  Ghost x2, Widow Mine x2, Marauder  
  99  8:51  Marine x4  
  99  8:54  SCV  
  114  8:57  Viking x2  
  114  8:58  Refinery  
  114  9:01  SCV  
  104  9:17  SCV  
  88  9:21  SCV  
  69  9:26  SCV  
  65  9:33  SCV  
  65  9:37  SCV  
  62  9:40  Marine x2  
  62  9:45  SCV  
Tags
 
Add a new tag
Caveats
  • Supply blocks, unpowered buildings, or Contaminate may cause inaccurate times.
  • Supply counts are checked every 10 seconds.